 Dungeon Crawl Stone Soup version 0.32-a0-975-g85d4e5bfdb (webtiles) character file.

Game seed: 17087727869727254110

184 bananaken the Ducker (level 5, -4/40 HPs)
             Began as a Djinni Gladiator on Apr 18, 2024.
             Was an Initiate of Ru.
             Slain by an iguana (12 damage)
             ... on level 4 of the Dungeon.
             The game lasted 00:05:58 (2895 turns).

bananaken the Ducker (Djinni Gladiator)             Turns: 2895, Time: 00:05:59

Health: -4/40      AC:  3    Str: 13    XL:     5   Next: 95%
Gold:   169        EV: 12    Int:  9    God:    Ru [......] SH:  0 Dex: 17

rFire   + + .        a - +0 long sword (spect)
rCold   x . .        t - orb {light}
rNeg    + . .        b - +0 leather armour
rPois   ∞            (helmet restricted)
rElec   .            (no cloak)
rCorr   .            (no gloves)
SInv    .            (boots unavailable)
Will    +....        (no amulet)
Stlth   +            s - ring of positive energy
HPRegen 0.26/turn    (no ring)

%: clarity, infuse magic (-5 HP)
@: enlightened, flying, glowing
A: sickness immunity, fire resistance 2, cold vulnerability 1, float, innate
caster, HP casting, extra vitality 1, antennae 1, clarity
a: Renounce Religion


You were on level 4 of the Dungeon.
You worshipped Ru.
Ru was noncommittal.
You visited 1 branch of the dungeon, and saw 4 of its levels.

You collected 169 gold pieces.

Inventory:

Hand Weapons
 a - a +0 spectral long sword (weapon)
Missiles
 d - 3 throwing nets (quivered)
 e - a javelin
Armour
 b - a +0 leather armour (worn)
 c - a +0 helmet
 t - an orb of light (worn)
Jewellery
 s - a ring of positive energy (left hand)
Scrolls
 i - a scroll of identify
 l - 5 scrolls of teleportation
 n - 2 scrolls of immolation
 q - a scroll of enchant armour
Potions
 f - a potion of cancellation {unknown}
 g - a potion of brilliance {unknown}
 h - a potion of mutation
 k - a potion of berserk rage {unknown}
 m - a potion of heal wounds {unknown}
 o - a potion of enlightenment
 p - a potion of haste {unknown}


   Skills:
 + Level 3.2 Fighting
 + Level 3.8 Long Blades
 - Level 1.5 Throwing
 + Level 4.3 Dodging
 + Level 1.3 Spellcasting
 + Level 1.3 Conjurations
 + Level 1.3 Hexes
   Level 0.0 Charms
 + Level 1.3 Summonings
 + Level 1.3 Necromancy
 + Level 1.3 Translocations
   Level 0.0 Transmutations
 + Level 1.3 Fire Magic
 + Level 1.3 Ice Magic
 + Level 1.3 Air Magic
 + Level 1.3 Earth Magic
 + Level 1.3 Alchemy


You knew the following spells:

 Your Spells              Type           Power      Damage    Failure   Level
a - Summon Small Mammal   Summ           8%         N/A       26%         1
b - Static Discharge      Conj/Air       4%         3-4/arc   38%         2
Your spell library was empty.

Dungeon Overview and Level Annotations

Branches:
Dungeon (4/15)
 Temple: D:4-7

Altars:
Gozag
Ru

Annotations:
D:4 Robin


Innate Abilities, Weirdness & Mutations

You are immune to sickness and miasma.
You are immune to poison.
Your flesh is very heat resistant. (rF++)
You are vulnerable to cold. (rC-)
You float through the air rather than walking.
You learn spells naturally, not from books.
Your magical power is your life essence.
You have superior vitality. (+4 MHP)
You have a pair of small antennae on your head.
You possess an exceptional clarity of mind.


Message History

* * * LOW HITPOINT WARNING * * *
A goblin comes into view. It is wielding a +0 dagger.
The air fills with toxic fumes!
As you read the scroll labelled TANNIL CIPER, it crumbles to dust.
It was a scroll of poison.
Your +0 spectral long sword disappears.
The goblin unwields a +0 sling.
The goblin wields a +2 dagger of electrocution.
You hear the crackle of electricity.
The goblin hits you but does no damage. The iguana closely misses you.
The goblin hits you with a +0 club.
* * * LOW HITPOINT WARNING * * *
Robin points. "Kill!"
Unknown command.
You feel better.
The goblin hits you with a +2 dagger of electrocution.
* * * LOW HITPOINT WARNING * * *
The goblin misses you.
The iguana hisses menacingly.
The iguana closely misses you. Robin throws the goblin at you!
A hobgoblin comes into view.
The goblin is engulfed in poison gas.
The goblin is poisoned.
You kill the goblin!
It was a potion of mutation.
You feel extremely strange. A pair of antennae grows on your head!
Your +0 helmet falls away!
Your thoughts seem clearer.
The goblin hits you but does no damage. The iguana closely misses you.
The goblin barely misses you. Robin throws the goblin at you!
* * * LOW HITPOINT WARNING * * *
The goblin is engulfed in poison gas.
The goblin is poisoned.
The goblin shouts!
The goblin barely misses you.
You hear a shout!
It was a potion of enlightenment.
You feel more buoyant.
You kill the goblin!
The goblin misses you. The iguana bites you!
You die...
Ru respects your ultimate sacrifice.

###########...###### §§
#..#................ §§§
#..#................
§§§§#..'................
g§§§#############'######
g§§§§§§§§§§§§§§.........
§§§§§§§§§§§§§§§.........
g§§§§§g.§§§§§§§.........
§§§§g§l@§§§§§§§.........
§§§§§§g§§§§#############
§§§§§§§§§§§#........#...
§§§§§§§§§§§#........'...
§##+###§§§§#........#...
#§§§§#........#...
#§§§§#...##..#####
###§§§§#...##..#####
#......#...##.....'.


You could see an iguana, Robin, 3 hobgoblins and 2 goblins.

Vanquished Creatures
  2 orc priests (D:3)
  6 adders
  A dart slug (D:1)
  A ribbon worm (D:3)
  4 orcs (D:3)
  3 bats
  5 endoplasms
  2 giant cockroaches
  2 goblins (D:4)
  7 hobgoblins
  7 jackals
  3 quokkas
  8 ball pythons
  4 frilled lizards
  3 kobolds
  3 rats
61 creatures vanquished.

Vanquished Creatures (others)
  A spectral weapon (D:3)
1 creature vanquished.

Grand Total: 62 creatures vanquished

Notes
Turn   | Place    | Note
-------+----------+-------------------------------------------
     0 | D:1      | bananaken the Djinni Gladiator began the quest for the Orb.
     0 | D:1      | Reached XP level 1. HP: 18/18 MP: 0/0
   130 | D:1      | Reached XP level 2. HP: 22/23 MP: 0/0
   539 | D:1      | Reached XP level 3. HP: 27/29 MP: 0/0
   539 | D:1      | Learned a level 1 spell: Summon Small Mammal
  1604 | D:3      | Found a sacrificial altar of Ru.
  1604 | D:3      | Found an opulent altar of Gozag.
  1691 | D:3      | HP: 1/29 [something/+0 hand axe (10)]
  1696 | D:3      | Reached XP level 4. HP: 12/34 MP: 0/0
  1704 | D:3      | Reached skill level 4 in Dodging
  1704 | D:3      | Reached skill level 1 in Spellcasting
  1704 | D:3      | Reached skill level 1 in Conjurations
  1704 | D:3      | Reached skill level 1 in Hexes
  1704 | D:3      | Reached skill level 1 in Summonings
  1704 | D:3      | Reached skill level 1 in Necromancy
  1704 | D:3      | Reached skill level 1 in Translocations
  1704 | D:3      | Reached skill level 1 in Fire Magic
  1704 | D:3      | Reached skill level 1 in Ice Magic
  1704 | D:3      | Reached skill level 1 in Air Magic
  1704 | D:3      | Reached skill level 1 in Earth Magic
  1704 | D:3      | Reached skill level 1 in Alchemy
  1704 | D:3      | Reached XP level 5. HP: 7/40 MP: 0/0
  1704 | D:3      | Learned a level 2 spell: Static Discharge
  2613 | D:3      | Became a worshipper of Ru the Awakened
  2891 | D:4      | Noticed Robin
  2894 | D:4      | Gained mutation: You have a pair of small antennae on your
                  | head. [potion of mutation]
  2894 | D:4      | Gained mutation: You possess an exceptional clarity of
                  | mind. [potion of mutation]
  2895 | D:4      | Slain by an iguana

Illustrated notes

Levels and vault maps discovered:
D:1:      beargit_arrival_greenhouse, layout_basic
D:2:      layout_basic
D:3:      layout_basic, gammafunk_temple_overflow_elements,
          minmay_misc_feat_ornament
D:4:      layout_gridville, grunt_temple_overflow_order_and_chaos_1,
          portal_sewer_entry_d, uniq_blork_the_orc, uniq_pikel, uniq_ijyb,
          uniq_robin

Skill      XL: |  1  2  3  4  5 |
---------------+----------------+-----
Long Blades    | 3 |  3.8
Dodging        | 4 |  4.3
Spellcasting   | 1 |  1.3
Conjurations   | 1 |  1.3
Hexes          | 1 |  1.3
Summonings     | 1 |  1.3
Necromancy     | 1 |  1.3
Translocations | 1 |  1.3
Fire Magic     | 1 |  1.3
Ice Magic      | 1 |  1.3
Air Magic      | 1 |  1.3
Earth Magic    | 1 |  1.3
Alchemy        | 1 |  1.3
Fighting       | 3 |  3.2
Throwing       | |  1.5

Action                     |  1- 3 |  4- 6 || total
---------------------------+-------+-------++-------
  Melee: Long sword        |    90 |    58 ||   148
    Use: Scroll            |     4 |     3 ||     7
         Potion            |     1 |     4 ||     5
 Armour: Leather armour    |    59 |    41 ||   100
  Dodge: Dodged            |    52 |    41 ||    93

Table legend: (Time is in decaauts)
 A = Elapsed time spent in this place.
 B = Non-inter-level travel time spent in this place.
 C = Inter-level travel time spent in this place.
 D = Time resting spent in this place.
 E = Time spent auto-exploring this place.
 F = Levels seen in this place.
 G = Mean time per level.
                   A        B        C        D        E       F      G
               +--------+--------+--------+--------+--------+-----+--------+
         Total |   2928 |   2782 |    146 |    120 |   2188 |   4 |  732.0 |
       Dungeon |   2928 |   2782 |    146 |    120 |   2188 |   4 |  732.0 |
               +--------+--------+--------+--------+--------+-----+--------+

Top non-repeatable levels by time:
     D:3: 1130 daAuts
     D:1: 792 daAuts
     D:2: 738 daAuts
     D:4: 266 daAuts
